 Dungeon Crawl Stone Soup version 0.22-a0-284-g99d1f7439c (webtiles) character file.

400 Infinimo the Cleaver (level 6, -2/51 HPs)
             Began as a Minotaur Berserker on Mar 22, 2018.
             Was a Priest of Trog.
             Slain by a phantom (4 damage)
             ... on level 4 of the Dungeon.
             The game lasted 00:05:32 (3113 turns).

Infinimo the Cleaver (Minotaur Berserker)           Turns: 3113, Time: 00:05:33

Health: -2/51      AC:  8    Str: 22    XL:     6   Next: 54%
Magic:  5/5        EV:  7    Int:  6    God:    Trog [***...]
Gold:   190        SH:  2    Dex:  9    Spells: 5/5 levels left

rFire    . . .     SeeInvis .   a - +1 hand axe
rCold    . . .     Gourm    .   f - +0 buckler
rNeg     . . .     Faith    .   d - +0 chain mail {rPois}
rPois    +         Spirit   .   (helmet restricted)
rElec    .         Reflect  .   (no cloak)
rCorr    .         Harm     .   (no gloves)
MR       .....                  (no boots)
Stlth    ..........             (no amulet)
HPRegen  0.17/turn              (no ring)
MPRegen  0.09/turn              (no ring)

@: berserk cooldown, hasted and slowed
A: retaliatory headbutt, horns 2
a: Berserk, Trog's Hand, Renounce Religion


You were on level 4 of the Dungeon.
You worshipped Trog.
Trog was most pleased with you.
You were very hungry.

You visited 1 branch of the dungeon, and saw 4 of its levels.
You also visited: Sewer.

You collected 190 gold pieces.

Inventory:

Hand Weapons
 a - a +1 hand axe (weapon)
Armour
 d - a +0 chain mail of poison resistance (worn)
 f - a +0 buckler (worn)
Jewellery
 e - a cursed -2 ring of intelligence {unknown}
Wands
 o - a wand of iceblast (6)
Scrolls
 b - a scroll of enchant weapon
 g - a scroll of fog
 h - 2 scrolls of amnesia
 r - a scroll of enchant armour {unknown}
 u - a scroll of remove curse
Potions
 i - 4 potions of flight
 j - 2 potions of agility
 k - a potion of heal wounds {unknown}
 l - 2 potions of brilliance
 m - 3 potions of haste
 n - 2 potions of might {unknown}
 p - 2 potions of degeneration {unknown}
 t - a potion of curing {unknown}
Comestibles
 c - 3 rations
 q - 4 chunks of flesh


   Skills:
 - Level 3.6 Fighting
 + Level 9.0 Axes
 - Level 2.4 Armour
 - Level 2.1 Dodging


You had 5 spell levels left.
You didn't know any spells.

Dungeon Overview and Level Annotations

Branches:
Dungeon (4/15)
 Temple: D:4-7

Altars:
Ashenzari
Cheibriados
Dithmenos
Hepliaklqana
Okawaru
Ru
Zin


Innate Abilities, Weirdness & Mutations

You reflexively headbutt those who attack you in melee.
You have a pair of horns on your head.


Message History

Your Axes skill increases to level 9!
You feel a bit more experienced.
Found a shattered altar of Ashenzari.
You are no longer berserk.
You are exhausted.
You feel yourself slow down.
The phantom blinks!
The phantom hits you.
The phantom blinks!
The phantom blinks!
The phantom blinks!
The phantom hits you. The phantom hits you.
* * * LOW HITPOINT WARNING * * *
The phantom blinks!
The phantom hits you!
* * * LOW HITPOINT WARNING * * *
The phantom hits you.
* * * LOW HITPOINT WARNING * * *
You feel yourself speed up. The phantom hits you.
You die...

.........
..........
..........
#.......... .
#.......... ..
#.......... ....
#..........
....####W.........
##....@......#
#...)).......#
#._#†.)......# #.
#.........# .'
#.........# ..
#.........# .
##'#....###
#..#....#
#..'>...#


You could see a phantom.

Vanquished Creatures
  A crocodile (Sewer)
  A scorpion (D:4)
  A hound (D:4)
  An orc priest (D:4)
  An orc wizard (D:4)
  A worker ant (D:4)
  Robin (D:2)
  4 adders
  2 river rats (D:3)
  An adder skeleton (D:4)
  2 worms (D:2)
  A dart slug (D:4)
  3 leopard geckos
  7 orcs
  11 bats
  4 giant cockroaches
  12 goblins
  4 hobgoblins (D:3)
  10 jackals
  2 quokkas (D:4)
  3 ball pythons (D:3)
  5 frilled lizards
  7 rats
85 creatures vanquished.

Notes
Turn   | Place    | Note
-------+----------+-------------------------------------------
     0 | D:1      | Infinimo the Minotaur Berserker began the quest for the Orb.
     0 | D:1      | Reached XP level 1. HP: 19/19 MP: 0/0
   129 | D:1      | Reached skill level 4 in Axes
   133 | D:1      | Reached XP level 2. HP: 16/26 MP: 1/1
   656 | D:2      | Reached skill level 5 in Axes
   676 | D:2      | Reached XP level 3. HP: 23/31 MP: 2/2
   856 | D:2      | Noticed Robin
   863 | D:2      | Killed Robin
  1282 | D:2      | Reached ** piety under Trog
  1736 | D:3      | Found a glowing silver altar of Zin.
  1736 | D:3      | Found a sacrificial altar of Ru.
  1737 | D:3      | Found a snail-covered altar of Cheibriados.
  1738 | D:3      | Reached skill level 6 in Axes
  1738 | D:3      | Reached XP level 4. HP: 34/39 MP: 3/3
  1741 | D:3      | Found a shadowy altar of Dithmenos.
  1741 | D:3      | Found a hazy altar of Hepliaklqana.
  1901 | D:3      | Found a glowing drain.
  1918 | Sewer    | Entered a sewer
  1947 | Sewer    | Noticed a crocodile
  1958 | Sewer    | Killed a crocodile
  1958 | Sewer    | Reached skill level 7 in Axes
  1958 | Sewer    | Reached XP level 5. HP: 45/45 MP: 4/4
  2740 | D:3      | Reached *** piety under Trog
  2912 | D:4      | Reached skill level 8 in Axes
  2919 | D:4      | Found an iron altar of Okawaru.
  2927 | D:4      | Reached XP level 6. HP: 47/51 MP: 5/5
  3091 | D:4      | Reached skill level 9 in Axes
  3092 | D:4      | Found a shattered altar of Ashenzari.
  3112 | D:4      | HP: 2/51 [phantom (6)]
  3113 | D:4      | Slain by a phantom

Vault maps used:
D:1:      dpeg_arrival_long_road
D:2:      uniq_robin
D:3:      mumra_celtic_spiral_tile, grunt_temple_overflow_open,
          portal_sewer_entry_e
D:4:      overflow_temple_1_default, okawaru_metal_pillars_1_2, first_ration
Sewer:    sewer_big_baddie

Skill      XL: |  1  2  3  4  5  6 |
---------------+-------------------+-----
Axes           | 4 5 6 7 8 9 |  9.0
Fighting       | |  3.6
Armour         | |  2.4
Dodging        | |  2.1

Action                   |  1- 3 |  4- 6 || total
-------------------------+-------+-------++-------
Melee: Hand axe          |    92 |   118 ||   210
       Headbutt          |    16 |    16 ||    32
Invok: Berserk           |     3 |     2 ||     5
  Use: Scroll            |     8 |     5 ||    13
       Potion            |       |     1 ||     1
  Eat: Chunk             |     3 |     4 ||     7
       Ration            |     1 |       ||     1
Armor: Animal skin       |    11 |       ||    11
       Chain mail        |     8 |    61 ||    69
Dodge: Dodged            |    62 |    48 ||   110
Block: Buckler           |     2 |    14 ||    16

Table legend:
 A = Spawn XP
 B = Non-spawn XP
 C = Spawn XP percentage of total XP
 D = Spawn monster count
 E = Non-spawn monster count
 F = Spawn count percentage of total count
 G = Total turns spent on level
                    A         B        C        D         E        F      G
               +---------+---------+-------+---------+---------+-------+---------
         Total |       0 |     572 |   0.0 |       0 |      85 |   0.0 |  3113
               +---------+---------+-------+---------+---------+-------+---------
           D:1 |       0 |      34 |   0.0 |       0 |      18 |   0.0 |   624
           D:2 |       0 |      50 |   0.0 |       0 |      20 |   0.0 |  1022
           D:3 |       0 |     112 |   0.0 |       0 |      28 |   0.0 |  1130
           D:4 |       0 |     256 |   0.0 |       0 |      13 |   0.0 |   211
         Sewer |       0 |     120 |   0.0 |       0 |       6 |   0.0 |   126
               +---------+---------+-------+---------+---------+-------+---------
